 Dungeon Crawl Stone Soup version 0.25.0-9-g26727b657a (webtiles) character file.

Game seed: 1343105518539395562

46 Infinimo the Slasher (level 3, -6/43 HPs)
             Began as a Demonspawn Berserker on June 19, 2020.
             Was a Follower of Trog.
             Mangled by a worm (10 damage)
             ... on level 2 of the Dungeon on June 20, 2020.
             The game lasted 00:01:13 (1432 turns).

Infinimo the Slasher (Demonspawn Berserker)         Turns: 1432, Time: 00:01:13

Health: -6/43      AC:  3    Str: 18    XL:     3   Next: 46%
Magic:  3/3        EV: 12    Int:  8    God:    Trog [*.....]
Gold:   95         SH:  0    Dex: 12    Spells: 2/2 levels left

rFire    . . .     SeeInvis .   a - +0 falchion
rCold    . . .     Gourm    .   (no shield)
rNeg     . . .     Faith    .   b - +0 animal skin
rPois    .         Spirit   .   (no helmet)
rElec    .         Reflect  .   (no cloak)
rCorr    .         Harm     .   h - +0 pair of gloves (curse)
MR       .....                  (no boots)
Stlth    ..........             (no amulet)
HPRegen  0.14/turn              (no ring)
MPRegen  0.08/turn              (no ring)

@: berserking (expiring), very quick
A: claws 1, nightstalker 1
a: Berserk, Renounce Religion


You were on level 2 of the Dungeon.
You worshipped Trog.
Trog was aware of your devotion.
You were very hungry.

You visited 1 branch of the dungeon, and saw 2 of its levels.

You collected 95 gold pieces.

Inventory:

Hand Weapons
 a - a +0 falchion (weapon)
Armour
 b - a +0 animal skin (worn)
 h - a cursed +0 pair of gloves (worn)
Scrolls
 e - 3 scrolls of teleportation {unknown}
 f - a scroll of random uselessness {unknown}
Potions
 d - a potion of ambrosia {unknown}
 g - a potion of heal wounds {unknown}
 i - a potion of might {unknown}
Comestibles
 c - 2 rations
 j - a chunk of flesh


   Skills:
 + Level 3.3 Fighting
 * Level 3.3 Long Blades
 + Level 2.2 Armour
 + Level 2.2 Dodging


You had 2 spell levels left.
You didn't know any spells.
Your spell library was empty.

Dungeon Overview and Level Annotations

Branches:
Dungeon (2/15)

Altars:


Innate Abilities, Weirdness & Mutations

You have sharp fingernails.
You are slightly more attuned to the shadows.


Message History

You closely miss the adder.
The adder is heavily wounded.
The adder misses you.
You barely miss the adder.
The adder is heavily wounded.
The adder bites you.
* * * LOW HITPOINT WARNING * * *
You slash the adder!
You kill the adder!
Trog accepts your kill.
You see here an adder corpse.
You feel a strong urge to attack something.
You hit the worm but do no damage. The worm bites you.
* * * LOW HITPOINT WARNING * * *
You slash the worm!
The worm is severely wounded.
You barely miss the worm.
The worm is severely wounded.
The worm bites you!
You die...

#.. % #....#####.. #..
##.###.........
......#..#.....##...#
#.#.#.#.....$...†....
#.#.#....#.w!..##..#.
#.#.##.. #...........
#.#.##.####..#....... ###
##.#†##>##............ #..
#....@w.............# #.#
#. #..#.......##.#.###.#
#.# #.##..####.#..##.#...
#.# #.#.#...####.#......
..# #.#
#.#.#.÷........#....# .#
#.#####.#.#...####..##....#
.......[..#...# #..# ....
#.#####.#.#...#
.....##.#.....#


You could see a worm.

Vanquished Creatures
  3 adders (D:2)
  2 goblins (D:1)
  3 hobgoblins (D:1)
  2 kobolds
  4 bats
  A frilled lizard (D:2)
  7 rats
22 creatures vanquished.

Notes
Turn   | Place    | Note
-------+----------+-------------------------------------------
     0 | D:1      | Infinimo the Demonspawn Berserker began the quest for the
                  | Orb.
     0 | D:1      | Reached XP level 1. HP: 18/18 MP: 1/1
   443 | D:1      | Gained mutation: You have sharp fingernails. [demonic
                  | ancestry]
   443 | D:1      | Reached XP level 2. HP: 18/24 MP: 2/2
  1338 | D:2      | Gained mutation: You are slightly more attuned to the
                  | shadows. [demonic ancestry]
  1338 | D:2      | Reached XP level 3. HP: 29/29 MP: 3/3
  1432 | D:2      | Mangled by a worm

Illustrated notes

Levels and vault maps discovered:
D:1:      noname_arrival_rooms_in_the_neighbourhood, layout_basic
D:2:      layout_basic, minmay_misc_feat_iff, minmay_pentomino_t4, uniq_terence

Skill      XL: |  1  2 |
---------------+-------+-----
Long Blades    | 3 |  3.3
Armour         | 2 |  2.2
Dodging        | 2 |  2.2
Fighting       | |  3.3

Action                   || total
-------------------------++-------
Melee: Falchion          ||    68
Invok: Berserk           ||     3
 Stab: Sleeping          ||     1
  Eat: Chunk             ||     3
Armor: Animal skin       ||    19
Dodge: Dodged            ||    50
       Rpst.: Falchion   ||    22
